 Dungeon Crawl Stone Soup version 0.30.0-10-gfe55d96785 (webtiles) character file.

Game seed: 12363337370225266808

7 Jackthecabe the Ducker (level 2, -1/22 HPs)
             Began as a Merfolk Fire Elementalist on May 15, 2023.
             Slain by a quokka (2 damage)
             ... on level 1 of the Dungeon.
             The game lasted 00:00:58 (274 turns).

Jackthecabe the Ducker (Merfolk Fire Elementalist)   Turns: 274, Time: 00:00:59

Health: -1/22      AC:  2    Str:  8    XL:     2   Next: 0%
Magic:  5/5        EV: 12    Int: 14    God:
Gold:   53         SH:  0    Dex: 14    Spells: 4/5 levels left

rFire   . . .        c - +0 spear
rCold   . . .        (no shield)
rNeg    . . .        a - +0 robe
rPois   .            (no helmet)
rElec   .            (no cloak)
rCorr   .            (no gloves)
SInv    .            (no boots)
Will    +....        (no amulet)
Stlth   ++           W - ring of willpower
HPRegen 0.23/turn    (no ring)
MPRegen 0.09/turn

%: no passive effects
@: no status effects
A: (nimble swimmer 2), mertail
a: no special abilities


You were on level 1 of the Dungeon.
You visited 1 branch of the dungeon, and saw 1 of its levels.

You collected 53 gold pieces.


Innate Abilities, Weirdness & Mutations

((You are very nimble when in or above water. (Stealth+, EV+, Speed+++)))
Your lower body shifts to a powerful aquatic tail in water.


   Skills:
 + Level 1.6 Fighting
 - Level 2.6 Dodging
 - Level 2.1 Stealth
 - Level 2.0 Spellcasting
 - Level 0.7 Conjurations
 - Level 2.1 Fire Magic


You had 4 spell levels left.
You knew the following spells:

 Your Spells              Type           Power      Damage    Failure   Level
f - Foxfire               Conj/Fire      20%        2x1d5     13%         1

Your spell library contained the following spells:

 Spells                   Type           Power      Damage    Failure   Level
 Scorch                   Fire           14%        2d5       14%         2
 Inner Flame              Hex/Fire       4%         N/A       41%         3
 Volatile Blastmotes      Fire/Tloc      8%         2d10      41%         3
 Flame Wave               Conj/Fire      5%         2d5       78%         4

Inventory:

Hand Weapons
 c - a +0 spear (weapon)
Missiles
 f - 6 poisoned darts
Armour
 a - a +0 robe (worn)
Jewellery
 W - a ring of willpower (left hand)
Scrolls
 d - a scroll of amnesia {unknown}
 g - a scroll of blinking {unknown}
 i - 3 scrolls of immolation {unknown}
Potions
 b - a potion of magic
 e - 2 potions of attraction {unknown}
 h - 2 potions of lignification {unknown}

Dungeon Overview and Level Annotations

Branches:
Dungeon (1/15)

Altars:

....####......# #.▒<▒▒~▒
#.# ............###
#.▒▒▒♣~~▒ #.##
.....#####..## ##.▒ ~~~P▒
#..# ......####...# ###..▒
~~~♣▒ ##.. ....#...##...#
#....# ##♣## ###
....###.##.#.###..### ##
..............##..# ######.
....####......##..#
#######...... ....
#...##...#@####.......#####
####
#.#.##....rS....#######
##.#.##.)...†.†...#
###..#.###...######.....#
#....#.......># ###.###
#........#....#######.#
#....##...............#.
#....##.................
########.............##


You could see a quokka and a ball python.


Message History

The quokka barely misses you.
The ball python attacks as you move away!
The ball python misses you. The ball python bites you.
* * * LOW HITPOINT WARNING * * *
The ball python misses you.
The quokka twitches its whiskers.
There is a stone staircase leading down here.
The ball python bites you.
* * * LOW HITPOINT WARNING * * *
The ball python grabs you.
You stop descending the stairs.
The ball python constricts you.
* * * LOW HITPOINT WARNING * * *
The quokka barely misses you.
Unknown command.
Unknown command.
You escape the ball python's grasp.
The quokka attacks as you move away! The quokka closely misses you.
The ball python attacks as you move away!
The ball python barely misses you.
The ball python attacks as you move away!
The ball python bites you but does no damage.
The ball python closely misses you. The quokka attacks as you move away!
The quokka bites you.
* * * LOW HITPOINT WARNING * * *
The quokka attacks as you move away! The quokka bites you.
* * * LOW HITPOINT WARNING * * *
There is an escape hatch in the floor here.
Unknown command.
The quokka barely misses you. The quokka bites you.
You die...

Skill      XL: |  1 |
---------------+----+-----
Fighting       | 1 |  1.6
Dodging        | |  2.6
Stealth        | |  2.1
Spellcasting   | |  2.0
Conjurations   | |  0.7
Fire Magic     | |  2.1

Action                     || total
---------------------------++-------
  Melee: Spear             ||    18
   Cast: Foxfire           ||     4
   Stab: Sleeping          ||     3
 Armour: Robe              ||     6
  Dodge: Dodged            ||    19

Levels and vault maps discovered:
D:1:      sevenhm_arrival_forest_fort_small_4, layout_rooms

Notes
Turn   | Place    | Note
-------+----------+-------------------------------------------
     0 | D:1      | Jackthecabe the Merfolk Fire Elementalist began the quest
                  | for the Orb.
     0 | D:1      | Reached XP level 1. HP: 13/13 MP: 3/3
   110 | D:1      | Reached skill level 1 in Fighting
   254 | D:1      | Reached XP level 2. HP: 22/22 MP: 5/5
   273 | D:1      | HP: 1/22 [quokka (3)]
   274 | D:1      | Slain by a quokka

Vanquished Creatures
  A bat (D:1)
  An endoplasm (D:1)
  A giant cockroach (D:1)
  A ball python (D:1)
  2 frilled lizards (D:1)
  A rat (D:1)
7 creatures vanquished.

Vanquished Creatures (others)
  6 foxfires (D:1)
6 creatures vanquished.

Grand Total: 13 creatures vanquished

Table legend: (Time is in decaauts)
 A = Elapsed time spent in this place.
 B = Non-inter-level travel time spent in this place.
 C = Inter-level travel time spent in this place.
 D = Time resting spent in this place.
 E = Time spent auto-exploring this place.
 F = Levels seen in this place.
 G = Mean time per level.
                   A        B        C        D        E       F      G
               +--------+--------+--------+--------+--------+-----+--------+
         Total |    272 |    272 |      0 |      0 |    148 |   1 |  272.0 |
       Dungeon |    272 |    272 |      0 |      0 |    148 |   1 |  272.0 |
               +--------+--------+--------+--------+--------+-----+--------+

Top non-repeatable levels by time:
     D:1: 272 daAuts

Table legend:
 A = Non-vault XP
 B = Vault XP
 C = Vault XP percentage of total XP
 D = Non-vault monster count
 E = Vault monster count
 F = Vault count percentage of total count
                 A         B        C        D         E       F
            +---------+---------+-------+---------+---------+-------
      Total |      10 |       0 |   0.0 |       7 |       0 |   0.0
            +---------+---------+-------+---------+---------+-------
        D:1 |      10 |       0 |   0.0 |       7 |       0 |   0.0
            +---------+---------+-------+---------+---------+-------
